 Dungeon Crawl Stone Soup version 0.27.1 (webtiles) character file.

Game seed: 166715568583323827

20341 Malachi the Gelid (level 12, -2/100 HPs)
             Began as a Naga Ice Elementalist on Aug 25, 2021.
             Was a High Priest of Cheibriados.
             Slain by a fire elemental (4 damage)
             ... summoned by a deep elf pyromancer
             ... on level 12 of the Dungeon.
             The game lasted 00:30:48 (16280 turns).

Malachi the Gelid (Naga Ice Elementalist)          Turns: 16280, Time: 00:30:49

Health: -2/100     AC: 13    Str: 26    XL:     12   Next: 78%
Magic:  4/21       EV: 19    Int: 36    God:    Cheibriados [*****.]
Gold:   506        SH:  0    Dex: 31    Spells: 7/23 levels left

rFire    . . .     SeeInvis +   o - +7 dagger (venom)
rCold    . . .     Faith    .   (no shield)
rNeg     . . .     Spirit   .   v - +1 steam dragon scales
rPois    +         Reflect  .   l - +0 helmet
rElec    .         Harm     .   (no cloak)
rCorr    .         Rampage  .   f - +2 pair of gloves
Will     +....                  (no barding)
Stlth    ++++......             (no amulet)
HPRegen  0.26/turn              e - +4 ring of evasion
MPRegen  0.17/turn              D - +6 ring of dexterity

@: slowed, very slow
A: AC +4, large, see invisible, deformed body, poison resistance, slowness 2,
spit poison 1, naga tail 1, iridescent scales 1, clever 1, noise suppression
a: Spit Poison, Renounce Religion, Bend Time, Temporal Distortion, Slouch, Step
From Time


You were on level 12 of the Dungeon.
You worshipped Cheibriados.
Cheibriados was extremely pleased with you.
You visited 1 branch of the dungeon, and saw 12 of its levels.

You collected 506 gold pieces.

Inventory:

Hand Weapons
 j - a +0 spear of distortion
 o - a +7 dagger of venom (weapon)
 r - a +2 dagger of flaming
 s - a +2 hand axe of electrocution
Missiles
 i - 11 boomerangs
Armour
 f - a +2 pair of gloves (worn)
 l - a +0 helmet (worn)
 v - +1 steam dragon scales (worn)
 E - a +0 troll leather armour
Magical Staves
 y - a staff of conjuration
Jewellery
 e - a +4 ring of evasion (left hand)
 n - a ring of ice
 x - a +6 ring of strength
 D - a +6 ring of dexterity (right hand)
Wands
 m - a wand of digging (6)
 q - a wand of mindburst (12)
 t - a wand of polymorph (6)
 A - a wand of acid (12)
 F - a wand of paralysis (8)
 G - a wand of iceblast (6)
Scrolls
 c - 2 scrolls of immolation
 h - 2 scrolls of teleportation
 C - a scroll of fog
 H - a scroll of identify
Potions
 a - 2 potions of magic
 b - 4 potions of curing
 d - a potion of attraction
 g - a potion of might
 k - 2 potions of cancellation
 p - a potion of flight
 u - 6 potions of lignification
 B - a potion of haste


   Skills:
 + Level 4.4 Fighting
 + Level 6.1 Short Blades
 + Level 5.6 Dodging
 + Level 6.5 Stealth
 + Level 0.3 Unarmed Combat
 - Level 6.0 Spellcasting
 * Level 3.6 Conjurations
 - Level 5.0 Summonings
 - Level 15.0 Ice Magic
 * Level 2.7 Air Magic
 - Level 0.4 Evocations


You had 7 spell levels left.
You knew the following spells:

 Your Spells              Type           Power      Damage    Failure   Level
a - Freeze                Ice            100%       1d11      0%          1
b - Frozen Ramparts       Ice            100%       1d12      1%          3
c - Ozocubu's Armour      Ice            87%        N/A       1%          3
d - Summon Ice Beast      Ice/Summ       70%        N/A       1%          4
e - Freezing Cloud        Conj/Ice/Air   29%        6-21      5%          5

Your spell library contained the following spells:

 Spells                   Type           Power      Damage    Failure   Level
 Foxfire                  Conj/Fire      92%        2x1d8     1%          1
 Magic Dart               Conj           100%       1d8       1%          1
 Call Imp                 Summ           46%        N/A       1%          2
 Hailstorm                Conj/Ice       67%        3d14      1%          4
 Ice Form                 Ice/Tmut       59%        N/A       1%          4
 Beastly Appendage        Tmut           20%        N/A       3%          1
 Corpse Rot               Necr/Air       N/A        N/A       3%          2
 Poisonous Vapours        Pois/Air       40%        N/A       3%          2
 Conjure Flame            Conj/Fire      23%        6-21      4%          3
 Mephitic Cloud           Conj/Pois/Air  26%        N/A       4%          3
 Wereblood                Tmut           10%        N/A       5%          2
 Inner Flame              Hex/Fire       10%        N/A       11%         3
 Spider Form              Tmut/Pois      5%         N/A       11%         3
 Tukima's Dance           Hex            10%        N/A       11%         3
 Passage of Golubria      Tloc           N/A        N/A       34%         4
 Summon Mana Viper        Hex/Summ       28%        N/A       34%         5
 Yara's Violent Unravell  Hex/Tmut       5%         3d4       67%         5
 Monstrous Menagerie      Summ           23%        N/A       98%         7


Dungeon Overview and Level Annotations

Branches:
Dungeon (12/15)            Temple (0/1) D:7            Lair (0/6) D:11
    Orc (0/2) D:9

Altars:
Ashenzari
Cheibriados
Dithmenos
Fedhas
Gozag
Kikubaaqudgha
Okawaru
Ru
Sif Muna
Vehumet
Wu Jian
Yredelemnul
The Shining One

Shops:
D:2 [   D:8 *

Annotations:
D:6 2 transporters, Menkaure


Innate Abilities, Weirdness & Mutations

Your serpentine skin is tough. (AC +4)
You have supernaturally acute eyesight. (SInv)
Armour fits poorly on your strangely shaped body.
Your system is resistant to poisons. (rPois)
You cover ground very slowly.
You can spit poison.
You have a snake-like lower body.
You are partially covered in iridescent scales. (AC +2)
Your mind is acute. (Int +2)
You passively dampen the noise of your surroundings.


Message History

The frozen ramparts melt away.
You feel a little less clever now.
The deep elf pyromancer completely misses you.
The wraith closely misses you.
Your ice beast hits the deep elf pyromancer.
Your ice beast freezes the deep elf pyromancer.
The deep elf pyromancer resists.
Your ice beast hits the deep elf pyromancer but does no damage.
Casting: Freeze (safe; 0% risk of failure)
Confirm with . or Enter, or press ? or * to list all spells.
Casting: Frozen Ramparts (safe; 1% risk of failure)
Press: ? - help, Dir - look around, f - activate The walls around you are covered in ice.
The deep elf pyromancer hits your ice beast with a +0 long sword.
The deep elf pyromancer gestures wildly while chanting.
The wraith resists.
The wall freezes the wraith.
The wraith closely misses you.
Your ice beast barely misses the deep elf pyromancer.
Your ice beast closely misses the deep elf pyromancer.
You hit the deep elf pyromancer.
The deep elf pyromancer is poisoned.
The deep elf pyromancer is severely wounded.
The deep elf pyromancer gestures wildly while chanting.
The deep elf pyromancer blinks!
Your frozen ramparts will break if you move.
Continue?
The frozen ramparts melt away as you move.
The fire elemental hits you. The fire elemental burns you!
* * * LOW HITPOINT WARNING * * *
Your ice beast closely misses the deep elf pyromancer.
The wraith closely misses you.
The fire elemental completely misses you.
Your ice beast hits the deep elf pyromancer.
Your ice beast freezes the deep elf pyromancer!
The deep elf pyromancer resists.
The deep elf pyromancer dies!
Cheibriados thoroughly appreciates the change of pace.
The wraith hits you.
* * * LOW HITPOINT WARNING * * *
The wraith drains your vigour!
You feel yourself slow down.
The deep elf pyromancer barely misses you.
The fire elemental hits you. The fire elemental burns you!
You die...

..........##.....
..........#......
..............(.......#
......................
.......☼..<..##......#
.........#...##......###
........#..☼.##........#..
........#eEE..............
.......°)@#☼..○÷........##
.......YYW#..............#
..........#...............
.........###..............
...#...... #....#<........
####............÷.........
....###......W##........
.... .....e........... ...
...YR..........>.


You could see a deep elf pyromancer, 2 fire elementals, a wraith and 2 friendly
ice beasts.

Vanquished Creatures
  A boulder beetle (D:9)
  4 two-headed ogres
  Urug (D:11)
  A skeletal warrior (D:8)
  An oklob plant (D:11)
  2 ugly things (D:8)
  2 manticores
  Maurice (D:8)
  A gargoyle (D:8)
  An unseen horror (D:11)
  An efreet (D:12)
  Psyche (D:9)
  4 trolls
  A hornet (D:8)
  Prince Ribbit (D:8)
  A wraith (D:12)
  A shadow (D:9)
  Grum (D:8)
  9 yaks
  A wyvern (D:10)
  A basilisk (D:11)
  3 steam dragons
  5 vampire mosquitoes
  An acid dragon (D:10)
  6 water moccasins
  Duvessa (D:7)
  9 orc warriors
  An ice beast (D:5)
  A sky beast (D:6)
  2 necrophages
  6 ogres
  2 wolves (D:8)
  3 centaurs
  A phantom (D:7)
  5 kobold brigands
  2 bullfrogs
  4 gnoll sergeants
  4 scorpions
  Dowan (D:7)
  A wyvern skeleton (D:6)
  A water moccasin skeleton (D:5)
  8 killer bees
  2 wights (D:8)
  A howler monkey (D:7)
  6 centaur zombies
  2 hounds
  A jelly (D:6)
  4 orc priests
  2 bullfrog skeletons
  An iguana (D:5)
  6 orc wizards
  2 nameless horrors
  3 hound skeletons
  A howler monkey zombie (D:8)
  Robin (D:3)
  21 gnolls
  16 adders
  A white imp (D:8)
  An adder skeleton (D:4)
  4 worms
  3 dart slugs
  37 orcs
  7 ball pythons
  7 endoplasms
  6 giant cockroaches
  19 goblins
  4 hobgoblins
  2 jackals (D:3)
  13 kobolds
  3 quokkas
  3 bats
  2 frilled lizards
  A jackal skeleton (D:4)
  7 rats
  A bush (D:6)
294 creatures vanquished.

Vanquished Creatures (collateral kills)
  Erolcha (D:11)
  2 two-headed ogres
  A deep elf pyromancer (D:12)
  A hornet (D:9)
  6 yaks
  A vampire mosquito (D:12)
  An orc warrior (D:8)
  A black bear (D:8)
  A centaur (D:10)
  3 wights (D:8)
  2 centaur zombies
  A howler monkey zombie (D:10)
21 creatures vanquished.

Vanquished Creatures (others)
  4 plants (D:11)
4 creatures vanquished.

Grand Total: 319 creatures vanquished

Notes
Turn   | Place    | Note
-------+----------+-------------------------------------------
     0 | D:1      | Malachi the Naga Ice Elementalist began the quest for the
                  | Orb.
     0 | D:1      | Reached XP level 1. HP: 15/15 MP: 3/3
   398 | D:1      | Reached XP level 2. HP: 11/22 MP: 1/5
  1203 | D:2      | Reached XP level 3. HP: 27/28 MP: 2/6
  1332 | D:2      | Learned a level 3 spell: Frozen Ramparts
  1377 | D:2      | Reached skill level 5 in Ice Magic
  1408 | D:2      | Reached XP level 4. HP: 36/36 MP: 1/7
  1895 | D:2      | Found a faded altar of an unknown god.
  2070 | D:2      | Found Sodi Yseerph's Antique Armour Shoppe.
  2227 | D:2      | Learned a level 3 spell: Ozocubu's Armour
  2286 | D:3      | Noticed Robin
  2312 | D:3      | Killed Robin
  2488 | D:3      | Found an ornate altar of the Wu Jian Council.
  2520 | D:3      | Reached XP level 5. HP: 42/42 MP: 7/9
  2763 | D:3      | Found a snail-covered altar of Cheibriados.
  3669 | D:4      | Reached XP level 6. HP: 50/50 MP: 10/10
  3687 | D:4      | Reached skill level 1 in Short Blades
  3687 | D:4      | Reached skill level 6 in Ice Magic
  4309 | D:5      | Entered Level 5 of the Dungeon
  4316 | D:5      | Reached XP level 7. HP: 49/56 MP: 6/12
  4322 | D:5      | Reached skill level 1 in Fighting
  4894 | D:5      | Reached skill level 7 in Ice Magic
  4973 | D:5      | Noticed a steam dragon
  4984 | D:5      | Killed a steam dragon
  4985 | D:5      | Reached XP level 8. HP: 38/64 MP: 7/14
  5296 | D:5      | Reached skill level 8 in Ice Magic
  5502 | D:5      | Found an iron altar of Okawaru.
  5725 | D:3      | Became a worshipper of Cheibriados the Contemplative
  5924 | D:6      | Learned a level 4 spell: Summon Ice Beast
  5944 | D:6      | Found a basalt altar of Yredelemnul.
  5945 | D:6      | Found a transporter.
  5946 | D:6      | Found a transporter.
  5950 | D:6      | Noticed Menkaure
  5967 | D:6      | Found an ancient bone altar of Kikubaaqudgha.
  5996 | D:6      | Reached skill level 5 in Spellcasting
  5999 | D:6      | Reached skill level 1 in Summonings
  6260 | D:6      | Reached XP level 9. HP: 72/72 MP: 10/16
  6307 | D:6      | Found a glowing golden altar of the Shining One.
  6309 | D:6      | Noticed a two-headed ogre
  6317 | D:6      | Killed a two-headed ogre
  6318 | D:6      | Reached skill level 9 in Ice Magic
  6716 | D:6      | Found a blossoming altar of Fedhas.
  6983 | D:7      | Noticed Dowan
  6986 | D:7      | Noticed Duvessa
  6987 | D:7      | Reached * piety under Cheibriados
  6999 | D:7      | Killed Duvessa
  7042 | D:7      | Killed Dowan
  7223 | D:7      | Found a staircase to the Ecumenical Temple.
  7282 | D:7      | Reached skill level 5 in Stealth
  7354 | D:7      | Reached skill level 10 in Ice Magic
  7385 | D:7      | Found a sacrificial altar of Ru.
  7566 | D:7      | Reached XP level 10. HP: 76/80 MP: 16/19
  8331 | D:8      | Reached ** piety under Cheibriados
  8468 | D:8      | Noticed Grum
  8489 | D:8      | Killed Grum
  8597 | D:8      | Noticed a skeletal warrior
  8606 | D:8      | Noticed a gargoyle
  8617 | D:8      | Killed a gargoyle
  8617 | D:8      | Killed a skeletal warrior
  8618 | D:8      | Reached skill level 11 in Ice Magic
  8695 | D:8      | Noticed a two-headed ogre
  8703 | D:8      | Killed a two-headed ogre
  9267 | D:8      | Noticed a purple ugly thing
  9268 | D:8      | Noticed a brown ugly thing
  9268 | D:8      | Noticed a two-headed ogre
  9275 | D:8      | Killed a two-headed ogre
  9276 | D:8      | Reached skill level 5 in Summonings
  9276 | D:8      | Reached skill level 12 in Ice Magic
  9276 | D:8      | Reached XP level 11. HP: 63/88 MP: 8/20
  9276 | D:8      | Reached *** piety under Cheibriados
  9281 | D:8      | Killed a purple ugly thing
  9288 | D:8      | Killed a cyan ugly thing
  9742 | D:8      | Noticed Maurice
  9752 | D:8      | Killed Maurice
  9981 | D:8      | Found Pysuy's Serpentskin Sales.
 10142 | D:8      | Found a shadowy altar of Dithmenos.
 10583 | D:8      | Reached skill level 13 in Ice Magic
 10838 | D:8      | Noticed Prince Ribbit
 10848 | D:8      | Killed Prince Ribbit
 10907 | D:8      | Found a radiant altar of Vehumet.
 10907 | D:8      | Found a shimmering blue altar of Sif Muna.
 10925 | D:8      | Found an opulent altar of Gozag.
 11243 | D:8      | Found a broken altar of Ashenzari.
 11778 | D:9      | Noticed a two-headed ogre
 11792 | D:9      | Killed a two-headed ogre
 11793 | D:9      | Reached skill level 5 in Short Blades
 11809 | D:9      | Reached **** piety under Cheibriados
 12168 | D:9      | Noticed a boulder beetle
 12179 | D:9      | Killed a boulder beetle
 12502 | D:9      | Noticed Psyche
 12513 | D:9      | Killed Psyche
 12650 | D:9      | Found Rusuroje's Armour Shop.
 13125 | D:9      | Found a staircase to the Orcish Mines.
 13134 | D:9      | Reached ***** piety under Cheibriados
 13135 | D:9      | Reached skill level 14 in Ice Magic
 13149 | D:9      | Reached XP level 12. HP: 74/99 MP: 5/21
 13173 | D:9      | Learned a level 5 spell: Freezing Cloud
 13538 | D:10     | Entered Level 10 of the Dungeon
 13751 | D:10     | Noticed a two-headed ogre
 13768 | D:10     | Killed a two-headed ogre
 13779 | D:10     | Reached skill level 1 in Conjurations
 14390 | D:10     | Reached skill level 5 in Dodging
 14761 | D:11     | Found a staircase to the Lair.
 14804 | D:11     | Noticed Erolcha
 14820 | D:11     | Killed Erolcha
 14822 | D:11     | Noticed a two-headed ogre
 14832 | D:11     | Reached skill level 1 in Air Magic
 14833 | D:11     | Killed a two-headed ogre
 15252 | D:11     | Noticed Urug
 15264 | D:11     | Killed Urug
 15412 | D:11     | Reached skill level 15 in Ice Magic
 16269 | D:12     | Gained mutation: You passively dampen the noise of your
                  | surroundings. [potion of mutation]
 16269 | D:12     | Gained mutation: You are partially covered in iridescent
                  | scales. (AC +2) [potion of mutation]
 16269 | D:12     | Gained mutation: Your mind is acute. (Int +2) [potion of
                  | mutation]
 16280 | D:12     | HP: 4/100 [fire elemental[a deep elf pyromancer] (9)]
 16280 | D:12     | Slain by a fire elemental

Illustrated notes

Levels and vault maps discovered:
D:1:      ncdulo_smallfort, layout_rooms
D:2:      layout_basic, serial_shops, shop, shapermc_ecumenical_altar_ellora
D:3:      layout_basic, pf_just_have_faith, mainiacjoe_overflow_boulevard,
          uniq_robin
D:4:      layout_basic, st_stairs_2, minmay_misc_feat_five
D:5:      layout_basic, kennysheep_okawaru_gauntlet
D:6:      layout_basic, gammafunk_temple_of_torment,
          fedhas_bush_and_centaur_altar, nicolae_tso_carved_into_rock
D:7:      layout_loops_ring, nicolae_ru_path_of_blood,
          minmay_temple_entry_overgrown, roderic_lattice_a, uniq_duvessa
D:8:      nzn_winding_woodlands_three_and_one [nzn_winding_woodlands_5x15_pool,
          nzn_winding_woodlands_5x15_sawtooth,
          nzn_winding_woodlands_5x15_concentric,
          nzn_winding_woodlands_center_triple_pond], layout_loops_corners,
          mainiacjoe_overflow_alcove_4, gammafunk_temple_overflow_statue,
          mainiacjoe_overflow_brackets, grunt_gozag_statues, hex_tiny,
          nicolae_two_hexagons, guppyfry_shop_venom, uniq_grum, uniq_maurice,
          uniq_prince_ribbit1
D:9:      layout_long_grid, kennysheep_orc_monster_closet_entryway,
          serial_shops, shop, uniq_psyche
D:10:     layout_loops_ring
D:11:     layout_basic, dpeg_oklobed_lair, kennysheep_small_circle,
          uniq_erolcha, uniq_urug
D:12:     minmay_stepped, layout_cave_pools

Skill      XL: |  1  2  3  4  5  6  7  8  9 10 11 12 |
---------------+-------------------------------------+-----
Ice Magic      | 5 6 7 8 10 12 14 15 | 15.0
Spellcasting   | 3 4 5 6 |  6.0
Dodging        | 2 3 4 5 |  5.6
Short Blades   | 1 2 3 4 5 6 |  6.1
Stealth        | 4 5 6 |  6.5
Fighting       | 1 2 3 4 |  4.4
Summonings     | 1 3 5 |  5.0
Conjurations   | 3 |  3.6
Air Magic      | 2 |  2.7
Unarmed Combat | |  0.3
Evocations     | |  0.4

Action                   |  1- 3 |  4- 6 |  7- 9 | 10-12 || total
-------------------------+-------+-------+-------+-------++-------
Melee: Unarmed           |    19 |    13 |       |       ||    32
       Dagger            |       |    54 |   211 |   239 ||   504
       Punch             |       |     1 |       |       ||     1
 Cast: Freeze            |    39 |    36 |    19 |    43 ||   137
       Frozen Ramparts   |       |     6 |    22 |    55 ||    83
       Ozocubu's Armour  |       |     5 |    14 |    29 ||    48
       Summon Ice Beast  |       |       |       |    35 ||    35
       Freezing Cloud    |       |       |       |     2 ||     2
 Abil: Spit Poison       |     5 |     3 |     1 |     3 ||    12
Evoke: Wand              |       |       |       |     2 ||     2
  Use: Scroll            |     2 |     5 |     7 |     6 ||    20
       Potion            |       |       |     1 |     4 ||     5
 Stab: Sleeping          |       |     4 |     2 |     4 ||    10
Armor: Robe              |    13 |    33 |       |       ||    46
       Animal skin       |       |    31 |    30 |       ||    61
       Steam dragon scal |       |       |    66 |   170 ||   236
Dodge: Dodged            |    30 |   103 |   134 |   369 ||   636
